 Dungeon Crawl Stone Soup version 0.28.0 (webtiles) character file.

Game seed: 18080285322932311405

18 psuckher the Sneak (level 2, 0/24 HPs)
             Began as a Demonspawn Delver on Feb 15, 2022.
             Was an Initiate of Ru.
             Slain by an iguana (4 damage)
             ... on level 4 of the Dungeon.
             The game lasted 00:02:49 (328 turns).

psuckher the Sneak (Demonspawn Delver)               Turns: 328, Time: 00:02:49

Health: 0/24       AC:  3    Str: 12    XL:     2   Next: 48%
Magic:  2/2        EV: 11    Int: 11    God:    Ru [......]
Gold:   13         SH:  0    Dex: 14    Spells: 1/1 levels left

rFire   . . .      SeeInvis .   a - +0 hand axe
rCold   . . .      Faith    .   (no shield)
rNeg    . . .      Spirit   .   b - +0 leather armour
rPois   .          Reflect  .   (helmet restricted)
rElec   .          Harm     .   (no cloak)
rCorr   .          Rampage  .   (no gloves)
Will    .....                   (no boots)
Stlth   +++.......              (no amulet)
HPRegen 0.08/turn               (no ring)
MPRegen 0.08/turn               (no ring)

@: no status effects
A: horns 1
a: Renounce Religion


You were on level 4 of the Dungeon.
You worshipped Ru.
Ru was noncommittal.
You visited 1 branch of the dungeon, and saw 2 of its levels.

You collected 13 gold pieces.

Inventory:

Hand Weapons
 a - a +0 hand axe (weapon)
Missiles
 d - 7 poisoned darts (quivered)
Armour
 b - a +0 leather armour (worn)
 h - a +0 helmet
Wands
 g - a wand of digging (3)
Scrolls
 c - a scroll of fog
 e - a scroll of fear
 i - a scroll of teleportation {unknown}
Potions
 f - a potion of haste


   Skills:
 + Level 3.1 Fighting
 + Level 2.0 Axes
 + Level 0.2 Armour
 + Level 1.8 Dodging
 + Level 4.9 Stealth


You had one spell level left.
You didn't know any spells.
Your spell library was empty.

Dungeon Overview and Level Annotations

Branches:
Dungeon (5/15)             Temple (0/1) D:4

Altars:
Ru


Innate Abilities, Weirdness & Mutations

You have a pair of small horns on your head.


Message History

You kneel at the altar of Ru.
Ru welcomes you! As you open the door, it creaks loudly!
Found an escape hatch in the floor.
Found a staircase to the Ecumenical Temple.
Found 4 gold pieces.
An endoplasm comes into view.
The helpless endoplasm fails to defend itself.
You hit the endoplasm.
You headbutt the endoplasm, but do no damage.
The endoplasm is almost dead.
The endoplasm freezes you.
You are frozen.
You hit the endoplasm but do no damage.
The endoplasm is almost dead.
The endoplasm freezes you.
You are frozen.
You hit the endoplasm.
You kill the endoplasm!
You open the door.
An iguana comes into view.
You hit the iguana. Your headbutt misses the iguana.
The iguana is lightly wounded.
The iguana barely misses you.
You hit the iguana but do no damage.
The iguana is lightly wounded.
The iguana barely misses you.
You hit the iguana but do no damage.
The iguana is lightly wounded.
The iguana barely misses you.
You barely miss the iguana.
You headbutt the iguana, but do no damage.
The iguana is lightly wounded.
The iguana bites you!
* * * LOW HITPOINT WARNING * * *
The iguana closely misses you.
You hit the iguana.
The iguana is lightly wounded.
The iguana bites you.
You die...

,,,,,,,,,,,,......+.....#,,,,,,,,
,,,,,,,,,,,,......#,....#,,,,,,,,
,,,,,,,,,,,,,.....#*#...#**,#***,
,,,,,,,,,,,,,,....# #.⌠.# *.###*,
***,,,,,,******#..###...###...+,,
*,,,,,,*,,,,,#..............#,,
*,,,,,,*,,,,,+...⌠..>..⌠....#,,
*,,,,,,+,,,,,#..............#,,
#**,,,,,,*****,#@.###...#######**
.,******,,,,,*,##l# #.⌠.# *,..,,*
.,+,,,,*...,,+,,,.###...###...,,*
.,*,,,,#.....#,,,..#>..........,*
..#,,,,#.....#,,,..#........$.^,*
..#,,,,#.....#,,,..#...........,*
..#,,,,#.....#######......#####**
..#,,,,#............#######
..#****#............#


You could see an iguana.

Vanquished Creatures
  An adder (D:4)
  2 endoplasms (D:4)
  2 goblins (D:4)
  A hobgoblin (D:4)
  2 kobolds (D:4)
8 creatures vanquished.

Notes
Turn   | Place    | Note
-------+----------+-------------------------------------------
     0 | D:5      | psuckher the Demonspawn Delver began the quest for the Orb.
     0 | D:5      | Reached XP level 1. HP: 18/18 MP: 1/1
    43 | D:5      | Noticed a black bear
   155 | D:4      | Gained mutation: You have a pair of small horns on your
                  | head. [demonic ancestry]
   155 | D:4      | Reached XP level 2. HP: 7/24 MP: 2/2
   199 | D:4      | Found a sacrificial altar of Ru.
   262 | D:4      | Became a worshipper of Ru the Awakened
   301 | D:4      | Found a staircase to the Ecumenical Temple.
   328 | D:4      | Slain by an iguana

Illustrated notes

Levels and vault maps discovered:
D:4:      layout_gridville, nicolae_ru_sacrificial_ziggurat, old_standard_altar,
          minmay_temple_entry_junction, grunt_decor_mini_mirrors, uniq_menkaure
D:5:      layout_loops_ring, serial_shops, shop

Skill      XL: |  1 |
---------------+----+-----
Axes           | 2 |  2.0
Fighting       | |  3.1
Armour         | |  0.2
Dodging        | |  1.8
Stealth        | |  4.9

Action                   || total
-------------------------++-------
Melee: Hand axe          ||    23
       Headbutt          ||     3
  Use: Scroll            ||     1
       Potion            ||     1
 Stab: Sleeping          ||     2
Armor: Leather armour    ||    10
Dodge: Dodged            ||    15
